 Dungeon Crawl Stone Soup version 0.28.0-53-g5a82cb258f (webtiles) character file.

Game seed: 12394655149572120376

317 firemarshallily the Slasher (level 6, -2/48 HPs)
             Began as a Demonspawn Gladiator on May 21, 2022.
             Was an Initiate of Ashenzari.
             Succumbed to a gnoll sergeant's poison
             ... on level 5 of the Dungeon.
             The game lasted 00:09:56 (3825 turns).

firemarshallily the Slasher (Demonspawn Gladiator)  Turns: 3825, Time: 00:09:57

Health: -2/48      AC: 12    Str: 17    XL:     6   Next: 20%
Magic:  6/6        EV: 12    Int: 13    God:    Ashenzari [......]
Gold:   223        SH:  0    Dex: 16    Spells: 5/5 levels left

rFire   . . .      SeeInvis .   a - +2 long sword
rCold   + . .      Faith    .   (no shield)
rNeg    . . .      Spirit   .   b - +0 leather armour
rPois   .          Reflect  .   c - +1 helmet
rElec   .          Harm     .   (no cloak)
rCorr   .          Rampage  .   (no gloves)
Will    +....      Rage     1%  f - +0 pair of boots
Stlth   +.........              (no amulet)
HPRegen 0.16/turn               m - +4 ring of protection
MPRegen 0.20/turn               e - ring "Boceggif" {rC+ Will+ Int+4 Dex+4}

@: brilliant, lethally poisoned (-2 -> -24)
A: magic regeneration, sharp scales 2, demonic touch 1, talons 1, berserk 1,
clumsy 1, evolution 1
a: Renounce Religion, Curse Item


You were on level 5 of the Dungeon.
You worshipped Ashenzari.
Ashenzari was noncommittal.
You visited 1 branch of the dungeon, and saw 5 of its levels.

You collected 223 gold pieces.

Inventory:

Hand Weapons
 a - a +2 long sword (weapon)
Missiles
 d - 3 throwing nets (quivered)
 g - 139 stones
 j - 3 poisoned darts
Armour
 b - a +0 leather armour (worn)
 c - a +1 helmet (worn)
 f - a +0 pair of boots (worn)
 h - a +0 scale mail of cold resistance
 q - a +0 ring mail
Jewellery
 e - the ring "Boceggif" (right hand) {rC+ Will+ Int+4 Dex+4}
   (You found it on level 4 of the Dungeon)

   [ring of protection from cold]

   Int:       It affects your intelligence (+4).
   Dex:       It affects your dexterity (+4).
   rC:        It protects you from cold.
   Will:      It increases your willpower.
 m - a +4 ring of protection (left hand)
Wands
 t - a wand of iceblast (5)
Scrolls
 o - a scroll of silence
 p - a scroll of identify
Potions
 i - 2 potions of cancellation {unknown}
 k - a potion of resistance {unknown}
 n - a potion of lignification {unknown}
 r - 2 potions of flight {unknown}


   Skills:
 * Level 3.9 Fighting
 * Level 4.1 Long Blades
 - Level 2.0 Throwing
 * Level 3.0 Armour
 - Level 3.0 Dodging


You had 5 spell levels left.
You didn't know any spells.
Your spell library contained the following spells:

 Spells                   Type           Power      Damage    Failure   Level
 Beastly Appendage        Tmut           0%         N/A       36%         1
 Sandblast                Erth           0%         2d4       36%         1
 Passwall                 Tmut/Erth      0%         N/A       50%         2
 Wereblood                Tmut           0%         N/A       50%         2
 Spider Form              Tmut/Pois      0%         N/A       73%         3
 Stone Arrow              Conj/Erth      0%         3d7       73%         3
 Iskenderun's Battlesphe  Conj           0%         2d6       100%        5
 Iron Shot                Conj/Erth      0%         9d1       100%        6
 Spellforged Servitor     Conj/Summ      0%         N/A       100%        7


Dungeon Overview and Level Annotations

Branches:
Dungeon (5/15)
 Temple: D:4-7

Altars:
Ashenzari

Annotations:
D:4 1 runed translucent door, exclusions: door and 3 more exclusions, elongatedgoose's ghost, amateur MiFi


Innate Abilities, Weirdness & Mutations

You regenerate magic rapidly.
You are mostly covered in razor-sharp scales. (AC +2, Slay +2)
Your touch may inflict minor irresistible damage on your foes.
You have sharp toenails.
You tend to lose your temper in combat.
You are clumsy. (Dex -2)
You have hidden genetic potential.


Message History

The hound skeleton bites you but does no damage.
The gnoll sergeant hits you but does no damage.
The ice beast closely misses you.
The bullfrog skeleton barely misses you.
You feel better. The hound skeleton closely misses you.
The bullfrog skeleton barely misses you.
The gnoll sergeant barely misses you. The ice beast barely misses you.
The hound skeleton bites you but does no damage.
You hit the gnoll sergeant but do no damage.
The gnoll sergeant is lightly wounded.
The bullfrog skeleton hits you but does no damage.
The ice beast hits you but does no damage.
The gnoll sergeant hits you but does no damage.
You are poisoned.
The hound skeleton closely misses you. The bullfrog skeleton hits you.
The gnoll sergeant hits you with a +2 trident of venom!
* * * LOW HITPOINT WARNING * * *
You are lethally poisoned!
The ice beast misses you.
You slash the gnoll sergeant!
You touch the gnoll sergeant.
The gnoll sergeant is heavily wounded.
* * * LOW HITPOINT WARNING * * *
You feel very sick. The hound skeleton closely misses you.
The bullfrog skeleton hits you but does no damage.
The hound skeleton bites you but does no damage.
The ice beast closely misses you.
The gnoll sergeant hits you but does no damage.
You are more poisoned.
You feel better.
The bullfrog skeleton barely misses you.
The hound skeleton barely misses you. The ice beast closely misses you.
The bullfrog skeleton hits you.
* * * LOW HITPOINT WARNING * * *
The gnoll sergeant hits you with a +2 trident of venom!
* * * LOW HITPOINT WARNING * * *
You are lethally poisoned!
It was a potion of brilliance.
You feel clever all of a sudden.
You die...

.# #. .# ...
.. .. #.# #.
.# # .....
..?# #.#.
.#.# ... ...
.#.#.#Z#Y#.#
......g@...#
.#.#.#Z#.#.#
#. ... #.
...# #. ...#
.# .#.. .
...## . #..#


You could see an ice beast, a gnoll sergeant, a hound skeleton and a bullfrog
skeleton.

Vanquished Creatures
  An ogre (D:4)
  An orc priest (D:3)
  2 centaur skeletons (D:4)
  A killer bee zombie (D:4)
  Robin (D:4)
  4 adders
  A worm (D:4)
  2 dart slugs (D:2)
  6 orcs (D:3)
  6 ball pythons
  3 endoplasms
  2 giant cockroaches
  14 goblins
  6 hobgoblins
  2 jackals (D:1)
  3 quokkas
  7 bats
  A frilled lizard (D:3)
  8 kobolds
  A rat (D:3)
72 creatures vanquished.

Vanquished Creatures (others)
  4 toadstools (D:4)
4 creatures vanquished.

Grand Total: 76 creatures vanquished

Notes
Turn   | Place    | Note
-------+----------+-------------------------------------------
     0 | D:1      | firemarshallily the Demonspawn Gladiator began the quest
                  | for the Orb.
     0 | D:1      | Reached XP level 1. HP: 16/16 MP: 1/1
   389 | D:1      | Found a faded altar of an unknown god.
   393 | D:1      | Prayed at the altar of an unknown god.
   393 | D:1      | Became a worshipper of Ashenzari the Shackled
   509 | D:1      | Gained mutation: You are partially covered in razor-sharp
                  | scales. (AC +1, Slay +1) [demonic ancestry]
   509 | D:1      | Reached XP level 2. HP: 22/22 MP: 2/2
   808 | D:2      | Reached skill level 3 in Long Blades
   988 | D:2      | Reached skill level 1 in Armour
  1157 | D:2      | Gained mutation: You regenerate magic rapidly. [demonic
                  | ancestry]
  1157 | D:2      | Reached XP level 3. HP: 28/28 MP: 3/3
  2487 | D:3      | Reached XP level 4. HP: 32/34 MP: 4/4
  2681 | D:4      | Noticed elongatedgoose's ghost (amateur MiFi)
  2684 | D:4      | Found a runed translucent door.
  2864 | D:4      | Noticed an ogre
  2872 | D:4      | Killed an ogre
  2873 | D:4      | Gained mutation: Your touch may inflict minor irresistible
                  | damage on your foes. [demonic ancestry]
  2873 | D:4      | Reached XP level 5. HP: 41/41 MP: 5/5
  2921 | D:4      | Noticed Robin
  2934 | D:4      | Gained mutation: You have sharp toenails. [potion of
                  | mutation]
  2934 | D:4      | Gained mutation: You tend to lose your temper in combat.
                  | [potion of mutation]
  2934 | D:4      | Gained mutation: You are clumsy. (Dex -2) [potion of
                  | mutation]
  2934 | D:4      | Gained mutation: You have hidden genetic potential. [potion
                  | of mutation]
  2937 | D:4      | Killed Robin
  2938 | D:4      | Reached skill level 4 in Long Blades
  3212 | D:4      | Gained mutation: You are mostly covered in razor-sharp
                  | scales. (AC +2, Slay +2) [demonic ancestry]
  3212 | D:4      | Reached XP level 6. HP: 43/48 MP: 6/6
  3524 | D:4      | Identified the ring "Boceggif" {rC+ Will+ Int+4 Dex+4}
  3815 | D:5      | Entered Level 5 of the Dungeon
  3815 | D:5      | Noticed an ice beast
  3825 | D:5      | Succumbed to a gnoll sergeant's poison

Illustrated notes

Levels and vault maps discovered:
D:1:      ncdulo_wetmaze, layout_basic, chequers_ecumenical_altar_simple_redux
D:2:      layout_basic, minmay_tiny_reverse_x
D:3:      layout_basic, minmay_ruptured
D:4:      cheibrodos_old_hovel, layout_gridville,
          hellmonk_ghost_happy_afterlife, minmay_gold_behind_fungi,
          nicolae_concentric_dashed_squares_wild, minmay_goblin_kobold_house,
          uniq_robin
D:5:      layout_basic, mainiacjoe_overflow_brackets, gup_sewer_entry_spiral,
          grunt_ministairs_11, st_stairs_9, hangedman_decor_clover_reticule,
          cheibrodos_gnoll_hut

Skill      XL: |  1  2  3  4  5  6 |
---------------+-------------------+-----
Long Blades    | 3 4 |  4.1
Armour         | 1 2 3 |  3.0
Throwing       | 2 |  2.0
Dodging        | 3 |  3.0
Fighting       | 3 |  3.9

Action                   |  1- 3 |  4- 6 || total
-------------------------+-------+-------++-------
Melee: Long sword        |    91 |    93 ||   184
       Punch             |     1 |     2 ||     3
       Kick              |       |     7 ||     7
       Touch             |       |    11 ||    11
  Use: Scroll            |     6 |     5 ||    11
       Potion            |       |     7 ||     7
 Stab: Sleeping          |     1 |     1 ||     2
Armor: Leather armour    |    34 |    79 ||   113
Dodge: Dodged            |    75 |   101 ||   176
